[ PARTIDA AOE2 · #478243458 ]
1v1 RMBritanos vs Mapuche
Equipo del jugador · DERR
Equipo rival · VICT
[ ANÁLISIS DE REPETICIÓN · EXTRAÍDO DE LA PARTIDA GRABADA ]
Feudal
9:56
Castillos
20:52
Imperial
40:29
| APM promedio | 21.1 |
| APM pico | 60 |
| eAPM promedio | 12.0 |
| Aldeanos / militares | 86 / 94 |
Foco
⚔️ 30.3% · 🌾 69.7%
Spearman ×35 · Longbowman ×32 · Knight ×15 · Archer ×11 · Monk ×1
Feudal
10:05
Castillos
22:37
Imperial
38:54
| APM promedio | 13.9 |
| APM pico | 33 |
| eAPM promedio | 8.5 |
| Aldeanos / militares | 68 / 95 |
Foco
⚔️ 27.0% · 🌾 73.0%
Kona ×34 · Bolas Rider ×28 · Skirmisher ×23 · Unknown (2550) ×6 · Petard ×5 · Trebuchet (Packed) ×4
Mapa de la partida
Recursos iniciales + cada clic de construcción. Líneas = muros · curvas = relieve. ◆ oro · ⬟ piedra · ● bayas · ✦ reliquia · ◌ hueco del cierre
Tu base· Abierta — flanco sin cerrar
Base de Twiggi· Abierta — flanco sin cerrar
Terreno inicial suavizado · ◌ = hueco del cierre detectado · pasá el cursor para detalles
Inputs por minuto
— Nem's - - Twiggi
Build order — Nem's
Primeras 150 de 292 acciones detectadas
| 0:01 | Crear | Villager (Male) |
| 0:01 | Crear | Villager (Male) |
| 0:01 | Crear | Villager (Male) |
| 0:01 | Crear | Villager (Male) |
| 0:04 | Construir | House |
| 0:08 | Construir | House |
| 1:40 | Crear | Villager (Male) |
| 1:55 | Crear | Villager (Male) |
| 2:09 | Crear | Villager (Male) |
| 2:36 | Crear | Villager (Male) |
| 3:21 | Crear | Villager (Male) |
| 3:21 | Crear | Villager (Male) |
| 3:36 | Construir | House |
| 3:38 | Construir | Mill |
| 3:58 | Crear | Villager (Male) |
| 4:26 | Crear | Villager (Male) |
| 5:31 | Construir | Lumber Camp |
| 5:41 | Crear | Villager (Male) |
| 5:42 | Crear | Villager (Male) |
| 5:42 | Crear | Villager (Male) |
| 6:40 | Crear | Villager (Male) |
| 6:43 | Investigar | Loom |
| 7:34 | Investigar | Feudal Age |
| 7:43 | Construir | Mining Camp |
| 8:13 | Construir | Barracks |
| 8:16 | Construir | House |
| 8:20 | Crear | Villager (Male) |
| 8:21 | Crear | Villager (Male) |
| 8:21 | Crear | Villager (Male) |
| 8:38 | Construir | House |
| 8:42 | Crear | Villager (Male) |
| 9:51 | Crear | Villager (Male) |
| 9:56 | Edad | Edad Feudal |
| 10:00 | Construir | Archery Range |
| 10:06 | Investigar | Wheelbarrow |
| 10:26 | Investigar | Double-Bit Axe |
| 10:31 | Crear | Villager (Male) |
| 10:33 | Crear | Villager (Male) |
| 10:44 | Construir | Farm |
| 11:03 | Construir | Farm |
| 11:30 | Construir | Farm |
| 11:37 | Construir | House |
| 11:42 | Crear | Archer |
| 11:46 | Crear | Villager (Male) |
| 11:49 | Crear | Villager (Male) |
| 12:03 | Construir | Farm |
| 12:09 | Crear | Archer |
| 12:09 | Crear | Archer |
| 12:33 | Construir | Farm |
| 13:01 | Crear | Archer |
| 13:03 | Crear | Villager (Male) |
| 13:18 | Construir | Palisade Wall |
| 13:26 | Crear | Archer |
| 13:26 | Crear | Archer |
| 13:28 | Crear | Villager (Male) |
| 13:43 | Construir | House |
| 13:46 | Construir | House |
| 13:53 | Construir | Farm |
| 14:06 | Crear | Villager (Male) |
| 14:07 | Crear | Villager (Male) |
| 14:11 | Construir | Farm |
| 14:20 | Investigar | Horse Collar |
| 14:30 | Crear | Villager (Male) |
| 14:36 | Construir | Farm |
| 15:02 | Construir | Farm |
| 15:11 | Crear | Spearman |
| 15:13 | Crear | Spearman |
| 15:20 | Crear | Villager (Male) |
| 15:27 | Construir | Farm |
| 15:41 | Crear | Villager (Male) |
| 15:43 | Crear | Villager (Male) |
| 16:18 | Construir | Farm |
| 16:22 | Construir | Farm |
| 16:34 | Crear | Villager (Male) |
| 16:36 | Crear | Villager (Male) |
| 16:41 | Construir | Farm |
| 16:47 | Crear | Villager (Male) |
| 16:59 | Construir | Market |
| 17:23 | Construir | Blacksmith |
| 17:37 | Construir | Farm |
| 17:57 | Construir | Farm |
| 18:12 | Investigar | Castle Age |
| 18:27 | Construir | Mining Camp |
| 18:38 | Construir | House |
| 18:45 | Investigar | Padded Archer Armor |
| 18:52 | Crear | Archer |
| 18:52 | Crear | Archer |
| 18:55 | Crear | Villager (Male) |
| 18:56 | Crear | Villager (Male) |
| 19:05 | Construir | House |
| 19:10 | Construir | House |
| 19:17 | Construir | Palisade Wall |
| 19:29 | Investigar | Fletching |
| 20:07 | Construir | Stable |
| 20:11 | Crear | Villager (Male) |
| 20:26 | Investigar | Scale Barding Armor |
| 20:52 | Edad | Edad de los Castillos |
| 20:52 | Crear | Archer |
| 20:55 | Investigar | Crossbowman (upgrade) |
| 21:24 | Crear | Knight |
| 21:31 | Crear | Knight |
| 21:40 | Construir | House |
| 21:43 | Construir | House |
| 21:48 | Construir | Lumber Camp |
| 21:53 | Construir | House |
| 21:59 | Investigar | Gold Mining |
| 22:03 | Crear | Villager (Male) |
| 22:03 | Crear | Villager (Male) |
| 22:16 | Investigar | Bow Saw |
| 22:47 | Crear | Villager (Male) |
| 22:48 | Crear | Villager (Male) |
| 22:55 | Crear | Knight |
| 22:55 | Crear | Knight |
| 23:01 | Crear | Villager (Male) |
| 23:39 | Construir | University |
| 23:46 | Crear | Villager (Male) |
| 23:47 | Crear | Villager (Male) |
| 24:23 | Crear | Knight |
| 24:28 | Investigar | Bodkin Arrow |
| 24:37 | Crear | Villager (Male) |
| 24:37 | Crear | Villager (Male) |
| 25:03 | Investigar | Ballistics |
| 25:08 | Investigar | Husbandry |
| 25:17 | Crear | Archer |
| 25:17 | Crear | Archer |
| 25:25 | Crear | Villager (Male) |
| 26:00 | Construir | Castle |
| 26:08 | Crear | Villager (Male) |
| 26:08 | Crear | Villager (Male) |
| 26:29 | Crear | Knight |
| 26:47 | Construir | Monastery |
| 26:48 | Crear | Villager (Male) |
| 27:11 | Crear | Knight |
| 27:12 | Crear | Knight |
| 27:21 | Investigar | Leather Archer Armor |
| 27:23 | Crear | Villager (Male) |
| 27:24 | Crear | Villager (Male) |
| 27:48 | Construir | Town Center |
| 27:52 | Construir | House |
| 27:57 | Construir | House |
| 27:57 | Construir | House |
| 27:58 | Construir | House |
| 28:03 | Crear | Monk |
| 28:19 | Crear | Longbowman |
| 28:20 | Crear | Longbowman |
| 28:20 | Crear | Longbowman |
| 28:36 | Crear | Knight |
| 28:54 | Crear | Knight |
| 28:58 | Crear | Villager (Male) |
| 29:03 | Investigar | Hand Cart |
Build order — Twiggi
Primeras 150 de 188 acciones detectadas
| 0:03 | Construir | House |
| 0:07 | Crear | Villager (Male) ×4 |
| 1:46 | Crear | Villager (Male) |
| 1:48 | Investigar | Loom |
| 1:53 | Construir | Settlement |
| 2:16 | Crear | Villager (Male) |
| 2:40 | Crear | Villager (Male) |
| 3:06 | Crear | Villager (Male) |
| 3:28 | Crear | Villager (Male) |
| 3:57 | Crear | Villager (Male) |
| 4:09 | Construir | House |
| 4:55 | Crear | Villager (Male) |
| 5:20 | Crear | Villager (Male) |
| 5:31 | Crear | Villager (Male) |
| 5:55 | Crear | Villager (Male) |
| 6:17 | Construir | Settlement |
| 6:18 | Crear | Villager (Male) |
| 6:36 | Crear | Villager (Male) |
| 7:06 | Crear | Villager (Male) |
| 7:55 | Investigar | Feudal Age |
| 8:20 | Construir | House |
| 8:26 | Construir | Barracks |
| 8:40 | Crear | Villager (Male) |
| 8:40 | Crear | Villager (Male) |
| 9:19 | Construir | House |
| 10:05 | Edad | Edad Feudal |
| 10:10 | Investigar | Double-Bit Axe |
| 10:13 | Crear | Skirmisher ×5 |
| 10:32 | Crear | Villager (Male) |
| 10:59 | Crear | Unit 2550 ×5 |
| 11:15 | Crear | Villager (Male) |
| 11:23 | Construir | Farm |
| 11:24 | Crear | Villager (Male) |
| 11:55 | Construir | Farm |
| 11:56 | Crear | Villager (Male) |
| 11:59 | Investigar | Horse Collar |
| 12:04 | Investigar | Horse Collar |
| 12:07 | Crear | Villager (Male) |
| 12:13 | Construir | Farm |
| 12:15 | Crear | Villager (Male) |
| 12:37 | Construir | House |
| 12:44 | Construir | Blacksmith |
| 13:10 | Construir | Farm |
| 13:18 | Crear | Villager (Male) |
| 13:28 | Construir | Settlement |
| 13:35 | Construir | Farm |
| 13:58 | Crear | Villager (Male) |
| 14:19 | Crear | Villager (Male) |
| 14:25 | Construir | Farm |
| 14:26 | Crear | Villager (Male) |
| 14:51 | Construir | House |
| 14:53 | Construir | House |
| 14:56 | Crear | Villager (Male) |
| 15:34 | Investigar | Wheelbarrow |
| 15:35 | Crear | Villager (Male) |
| 15:51 | Construir | Settlement |
| 15:53 | Construir | Farm |
| 16:14 | Crear | Skirmisher ×5 |
| 16:49 | Construir | Farm |
| 16:51 | Construir | Farm |
| 16:54 | Crear | Villager (Male) |
| 17:21 | Construir | Farm |
| 17:41 | Crear | Villager (Male) |
| 17:47 | Construir | Farm |
| 18:12 | Construir | Farm |
| 18:14 | Construir | Settlement |
| 18:17 | Crear | Villager (Male) |
| 18:38 | Construir | Palisade Wall |
| 18:41 | Crear | Villager (Male) |
| 18:45 | Construir | Farm |
| 18:48 | Crear | Villager (Male) |
| 19:04 | Construir | Palisade Wall |
| 19:10 | Construir | Farm |
| 19:23 | Construir | Archery Range |
| 19:27 | Crear | Villager (Male) |
| 19:34 | Construir | Farm |
| 19:56 | Investigar | Castle Age |
| 20:00 | Construir | Farm |
| 20:26 | Construir | Palisade Gate |
| 20:30 | Crear | Villager (Male) |
| 20:30 | Crear | Villager (Male) |
| 20:35 | Construir | Palisade Gate |
| 21:00 | Investigar | Fletching |
| 21:00 | Investigar | Padded Archer Armor |
| 21:23 | Construir | Settlement |
| 21:44 | Investigar | Gold Mining |
| 21:44 | Investigar | Stone Mining |
| 21:46 | Crear | Skirmisher ×5 |
| 22:29 | Crear | Unit 2550 |
| 22:37 | Edad | Edad de los Castillos |
| 22:39 | Construir | Castle |
| 22:48 | Investigar | Bow Saw |
| 23:12 | Crear | Villager (Male) |
| 23:20 | Construir | Monastery |
| 23:29 | Crear | Villager (Male) |
| 23:35 | Investigar | Bodkin Arrow |
| 23:36 | Investigar | Leather Archer Armor |
| 24:01 | Crear | Villager (Male) |
| 24:14 | Construir | University |
| 24:18 | Crear | Kona ×3 |
| 24:20 | Crear | Villager (Male) |
| 24:30 | Crear | Monk |
| 24:48 | Crear | Villager (Male) |
| 24:51 | Investigar | Heavy Plow |
| 24:53 | Investigar | Gold Shaft Mining |
| 25:11 | Construir | Settlement |
| 25:15 | Crear | Villager (Male) |
| 25:45 | Crear | Villager (Male) |
| 25:46 | Investigar | Forging |
| 25:50 | Crear | Kona |
| 25:59 | Crear | Villager (Male) |
| 26:11 | Crear | Kona |
| 26:24 | Crear | Villager (Male) |
| 26:52 | Construir | Castle |
| 26:59 | Crear | Kona ×4 |
| 27:01 | Crear | Villager (Male) |
| 27:17 | Crear | Villager (Male) |
| 27:40 | Construir | Farm |
| 27:54 | Investigar | Ballistics |
| 27:55 | Crear | Villager (Male) |
| 28:04 | Construir | Farm |
| 28:14 | Crear | Villager (Male) |
| 28:18 | Investigar | Hand Cart |
| 28:30 | Construir | Farm |
| 28:32 | Crear | Villager (Male) |
| 28:32 | Crear | Villager (Male) |
| 28:44 | Construir | Settlement |
| 28:52 | Investigar | Elite Skirmisher (upgrade) |
| 28:53 | Crear | Skirmisher ×5 |
| 29:23 | Crear | Villager (Male) |
| 29:32 | Investigar | Stone Shaft Mining |
| 29:49 | Crear | Villager (Male) |
| 29:53 | Construir | Farm |
| 30:06 | Investigar | Iron Casting |
| 30:21 | Construir | Settlement |
| 30:40 | Construir | Palisade Wall |
| 30:54 | Crear | Villager (Male) |
| 30:55 | Investigar | Town Watch |
| 31:21 | Construir | Farm |
| 31:25 | Crear | Skirmisher ×3 |
| 31:33 | Crear | Kona ×5 |
| 31:50 | Investigar | Malon |
| 32:28 | Crear | Villager (Male) |
| 32:41 | Construir | Farm |
| 32:43 | Construir | Farm |
| 32:46 | Crear | Villager (Male) |
| 33:10 | Crear | Petard ×5 |
| 33:15 | Crear | Villager (Male) |
| 33:21 | Construir | Farm |
| 33:35 | Construir | Castle |
Cronología de la partida
| 8:13 | Nem's · first_building Barracks |
| 8:26 | Twiggi · first_building Barracks |
| 9:56 | Nem's · age_up feudal |
| 10:00 | Nem's · first_building Archery Range |
| 10:05 | Twiggi · age_up feudal |
| 13:18 | Nem's · wall_segment Palisade Wall x1 |
| 18:38 | Twiggi · wall_segment Palisade Wall x28 |
| 19:04 | Twiggi · wall_segment Palisade Wall x23 |
| 19:17 | Nem's · wall_segment Palisade Wall x12 |
| 19:23 | Twiggi · first_building Archery Range |
| 20:07 | Nem's · first_building Stable |
| 20:52 | Nem's · age_up castle |
| 22:37 | Twiggi · age_up castle |
| 22:39 | Twiggi · first_building Castle |
| 23:20 | Twiggi · first_building Monastery |
| 26:00 | Nem's · first_building Castle |
| 26:47 | Nem's · first_building Monastery |
| 30:40 | Twiggi · wall_segment Palisade Wall x1 |
| 30:56 | Nem's · first_market_sell 100 wood |
| 31:00 | Nem's · first_market_buy 100 food |
| 35:28 | Twiggi · wall_segment Palisade Wall x17 |
| 38:54 | Twiggi · age_up imperial |
| 40:29 | Nem's · age_up imperial |
| 44:38 | Nem's · resign |
[ ANÁLISIS IA · 1 CRÉDITO ]
¿Qué pasó realmente en esta partida?
Wolo.gg analiza cada decisión: build order, eco, micro, errores típicos por bracket. Análisis personalizado por WhatsApp o Discord en 30 segundos.
Guía civ
Britanos
Guía mapa
Arabia
Perfil
Nem's